 Dungeon Crawl Stone Soup version 0.30.1-9-gdf580d7c3d (webtiles) character file.

Game seed: 3725611591007515290

49 GaersdiConyofus the Chopper (level 3, -7/35 HPs)
             Began as a Gnoll Chaos Knight on Sept 28, 2023.
             Was a Plaything of Xom.
             Mangled by a blink frog (glowing shapeshifter) (11 damage)
             ... on level 2 of the Dungeon.
             The game lasted 00:07:20 (971 turns).

GaersdiConyofus the Chopper (Gnoll Chaos Knight)     Turns: 971, Time: 00:07:21

Health: -7/35      AC:  1    Str: 11    XL:     3   Next: 75%
Magic:  4/4        EV: 12    Int: 11    God:    Xom [..*...]
Gold:   71         SH:  0    Dex: 13    Spells: 4/4 levels left

rFire   . . .        a - +0 hand axe (chaos)
rCold   . . .        (no shield)
rNeg    . . .        b - +2 leather armour
rPois   .            (no helmet)
rElec   .            (no cloak)
rCorr   .            (no gloves)
SInv    .            (no boots)
Will    .....        (no amulet)
Stlth   +            (no ring)
HPRegen 0.25/turn    (no ring)
MPRegen 0.09/turn

%: no passive effects
@: confused, corroded
A: fangs 1, strong nose, distributed training
a: Renounce Religion


You were on level 2 of the Dungeon.
You worshipped Xom.
You were a toy of Xom.
You visited 1 branch of the dungeon, and saw 2 of its levels.

You collected 127 gold pieces.
You spent 56 gold pieces at shops.

Inventory:

Hand Weapons
 a - a +0 hand axe of chaos (weapon)
 g - a +0 short sword
Armour
 b - a +2 leather armour (worn)
 i - a +0 ring mail
Scrolls
 f - a scroll of immolation {unknown}
 h - 2 scrolls of fog
 j - a scroll of identify
Potions
 e - 2 potions of might
 k - a potion of berserk rage {unknown}
Miscellaneous
 c - a piece from Xom's chessboard (13/15) (quivered)


   Skills:
 + Level 6.5 Fighting
 + Level 1.0 Short Blades
 + Level 1.0 Long Blades
 + Level 6.5 Axes
 + Level 1.0 Maces & Flails
 + Level 1.0 Polearms
 + Level 1.0 Staves
 + Level 1.0 Ranged Weapons
 + Level 1.0 Throwing
 + Level 4.6 Armour
 + Level 2.6 Dodging
 + Level 1.0 Stealth
 + Level 1.0 Shields
 + Level 1.0 Unarmed Combat
 + Level 1.0 Spellcasting
 + Level 0.7 Conjurations
 + Level 0.7 Hexes
 + Level 0.7 Summonings
 + Level 0.7 Necromancy
 + Level 0.7 Translocations
 + Level 0.7 Transmutations
 + Level 0.7 Fire Magic
 + Level 0.7 Ice Magic
 + Level 0.7 Air Magic
 + Level 0.7 Earth Magic
 + Level 0.7 Poison Magic
 + Level 1.0 Invocations
 + Level 1.0 Evocations


You had 4 spell levels left.
You didn't know any spells.
Your spell library contained the following spells:

 Spells                   Type           Power      Damage    Failure   Level
 Poisonous Vapours        Pois/Air       4%         N/A       43%         2
 Mephitic Cloud           Conj/Pois/Air  2%         N/A       67%         3
 Freezing Cloud           Conj/Ice/Air   1%         6-21      100%        5


Dungeon Overview and Level Annotations

Branches:
Dungeon (2/15)

Altars:

Shops:
D:1 ?


Innate Abilities, Weirdness & Mutations

You have very sharp teeth.
Your uncanny sense of smell can sniff out nearby items.
Your experience applies equally to all skills.


Message History

You hear a shout! x2
The acid dragon misses you. The acid dragon claws you.
You hit the acid dragon but do no damage.
The acid dragon is almost dead.
The acid dragon barely misses you. The acid dragon claws you.
You barely miss the acid dragon.
You bite the acid dragon, but do no damage.
The acid dragon is almost dead.
The acid dragon misses you. The acid dragon claws you.
* * * LOW HITPOINT WARNING * * *
You feel better. The acid dragon spits acid at you.
The splash of acid hits you!
* * * LOW HITPOINT WARNING * * *
The acid corrodes you!
You hit the acid dragon but do no damage.
The acid dragon is almost dead.
The acid dragon changes into a tengu!
The tengu changes into a golden eye!
You feel better.
Your butterfly disappears in a puff of smoke!
The golden eye blinks at you.
You are confused.
You closely miss the golden eye. Your bite misses the golden eye.
You hit the golden eye.
The golden eye is poisoned.
The golden eye is moderately wounded.
The golden eye blinks at you.
You are more confused.
The golden eye changes into something you cannot see!
Something hits you.
Deactivating autopickup; reactivate with Ctrl-A.
You hit something.
You feel better.
A blink frog appears out of thin air!
Reactivating autopickup.
The blink frog attacks as you move away!
The blink frog misses you.
You closely miss the blink frog. The blink frog hits you!
* * * LOW HITPOINT WARNING * * *
The blink frog hits you!
You die...
Xom chortles!

..#.######.###.#........P.
.##................#..#
...............###...# ..
##......##.##### #.###..#
#....#.....#######.###.#
.......######..........##
##..#### ##...<........#
#..# #.)............# #..#
#.....@........# #.##
#.....F........# ...
#....^.........# ...
#..............# ...
##............. .....
#...........## b
.....####.#### .###... .#
...# .#


You could see a blink frog.

Vanquished Creatures
  2 adders (D:2)
  2 dart slugs
  2 endoplasms (D:1)
  2 giant cockroaches (D:1)
  A goblin (D:2)
  5 hobgoblins
  2 ball pythons
  3 bats (D:1)
  3 frilled lizards (D:1)
  2 kobolds
  4 rats
28 creatures vanquished.

Notes
Turn   | Place    | Note
-------+----------+-------------------------------------------
     0 | D:1      | GaersdiConyofus the Gnoll Chaos Knight began the quest for
                  | the Orb.
     0 | D:1      | Reached XP level 1. HP: 23/23 MP: 1/1
   114 | D:1      | Reached XP level 2. HP: 29/29 MP: 2/2
   192 | D:1      | Found a faded altar of an unknown god.
   225 | D:1      | Found Kiffoag's Magic Scroll Boutique.
   229 | D:1      | Bought 2 scrolls of identify for 56 gold pieces
   544 | D:1      | XOM is BORED!
   544 | D:1      | XOM: silly message
   694 | D:2      | Reached XP level 3. HP: 35/35 MP: 3/3
   696 | D:2      | Reached skill level 1 in Invocations
   814 | D:2      | Reached skill level 1 in Short Blades
   814 | D:2      | Reached skill level 1 in Long Blades
   814 | D:2      | Reached skill level 1 in Maces & Flails
   814 | D:2      | Reached skill level 1 in Polearms
   814 | D:2      | Reached skill level 1 in Staves
   814 | D:2      | Reached skill level 1 in Ranged Weapons
   814 | D:2      | Reached skill level 1 in Throwing
   814 | D:2      | Reached skill level 1 in Stealth
   814 | D:2      | Reached skill level 1 in Shields
   814 | D:2      | Reached skill level 1 in Unarmed Combat
   814 | D:2      | Reached skill level 1 in Spellcasting
   814 | D:2      | Reached skill level 1 in Evocations
   931 | D:2      | a hobgoblin changed into a glowing shapeshifter
   931 | D:2      | Noticed a glowing shapeshifter (glowing shapeshifter)
   931 | D:2      | XOM: divination: detect creatures
   931 | D:2      | a glowing shapeshifter changed into a cyclops
   931 | D:2      | Noticed a cyclops (glowing shapeshifter)
   934 | D:2      | a cyclops changed into a jumping spider
   934 | D:2      | Noticed a jumping spider (glowing shapeshifter)
   938 | D:2      | XOM: butterfly on damage
   944 | D:2      | a jumping spider changed into a sky beast
   944 | D:2      | Noticed a sky beast (glowing shapeshifter)
   946 | D:2      | a sky beast changed into a scorpion
   946 | D:2      | Noticed a scorpion (glowing shapeshifter)
   947 | D:2      | a scorpion changed into an ogre
   947 | D:2      | Noticed an ogre (glowing shapeshifter)
   949 | D:2      | an ogre changed into a worm
   951 | D:2      | a worm changed into an acid dragon
   951 | D:2      | Noticed an acid dragon (glowing shapeshifter)
   955 | D:2      | XOM: noise
   959 | D:2      | an acid dragon changed into a tengu
   959 | D:2      | Noticed a tengu (glowing shapeshifter)
   960 | D:2      | a tengu changed into a golden eye
   960 | D:2      | Noticed a golden eye (glowing shapeshifter)
   966 | D:2      | a golden eye changed into something unseen
   968 | D:2      | Noticed a blink frog
   971 | D:2      | Mangled by a blink frog (glowing shapeshifter)

Illustrated notes

Levels and vault maps discovered:
D:1:      ldierk_walled_garden, layout_basic,
          shapermc_ecumenical_altar_mp_highgroup, serial_shops, shop_statue,
          serial_forest, infiniplex_forest_lined_2, infiniplex_forest_end_1,
          infiniplex_forest_lined_2, infiniplex_forest_pool,
          minmay_strange_pillars
D:2:      cheibrodos_old_hovel, layout_rooms

Skill      XL: |  1  2  3 |
---------------+----------+-----
Invocations    | 1 |  1.0
Short Blades   | 1 |  1.0
Long Blades    | 1 |  1.0
Maces & Flails | 1 |  1.0
Polearms       | 1 |  1.0
Staves         | 1 |  1.0
Ranged Weapons | 1 |  1.0
Throwing       | 1 |  1.0
Stealth        | 1 |  1.0
Shields        | 1 |  1.0
Unarmed Combat | 1 |  1.0
Spellcasting   | 1 |  1.0
Evocations     | 1 |  1.0
Fighting       | |  6.5
Axes           | |  6.5
Armour         | |  4.6
Dodging        | |  2.6
Conjurations   | |  0.7
Hexes          | |  0.7
Summonings     | |  0.7
Necromancy     | |  0.7
Translocations | |  0.7
Transmutations | |  0.7
Fire Magic     | |  0.7
Ice Magic      | |  0.7
Air Magic      | |  0.7
Earth Magic    | |  0.7
Poison Magic   | |  0.7

Action                     || total
---------------------------++-------
  Melee: Hand axe          ||    83
         Punch             ||     1
         Bite              ||     3
  Evoke: Piece from Xom's  ||     3
    Use: Scroll            ||     5
         Potion            ||     2
   Stab: Sleeping          ||     1
         Confused          ||     1
         Petrifying        ||     1
         Petrified         ||     1
 Armour: Leather armour    ||    17
  Dodge: Dodged            ||    53
